 Seeded DCSS version 0.30-a0-359-gd0147acb1a (webtiles) character file.

Game seed: 11875864161840823782 (custom seed)

25 purpskrrrp the Grasshopper (level 3, -1/26 (28) HPs)
             Began as a Barachi Warper on Nov 11, 2022.
             Slain by Terence
             ... wielding the +7 Throatcutter {drain, coup de grace}
              (8 damage)
             ... on level 2 of the Dungeon.
             The game lasted 00:01:45 (731 turns).

purpskrrrp the Grasshopper (Barachi Warper)          Turns: 731, Time: 00:01:46

HP:   -1/26 (28)    AC:  3    Str: 12    XL:     3   Next: 4%
MP:   6/6           EV: 12    Int: 13    God:
Gold: 59            SH:  0    Dex: 13    Spells: 6/6 levels left

rFire   + . .      SeeInvis .    f - +9 long sword of the Screaming Gods {drain, rElec rF+}
rCold   . . .      Faith    .    (no shield)
rNeg    . . .      Spirit   .    b - +0 leather armour
rPois   .          Reflect  .    (no helmet)
rElec   +          Harm     .    (no cloak)
rCorr   .          Rampage  .    (no gloves)
Will    .....                    (no boots)
Stlth   +.........               (no amulet)
HPRegen 0.24/turn                (no ring)
MPRegen 0.10/turn                (no ring)

@: drained, slow
A: amphibious, slowness 1, strong legs 1, +LOS
a: Hop


You were on level 2 of the Dungeon.
You visited 1 branch of the dungeon, and saw 2 of its levels.

You collected 59 gold pieces.

Inventory:

Hand Weapons
 a - a +0 falchion
 f - the +9 long sword of the Screaming Gods (weapon) {drain, rElec rF+}
   (You acquired it on level 1 of the Dungeon)

   A truly terrible weapon, it drains the life of any living foe it strikes.
   rF:        It protects you from fire.
   rElec:     It insulates you from electricity.
Missiles
 d - 7 boomerangs of dispersal
Armour
 b - a +0 leather armour (worn)
Jewellery
 g - a ring of protection from fire
Scrolls
 c - a scroll of blinking
 e - a scroll of identify
 h - a scroll of noise
 i - a scroll of magic mapping
 j - a scroll of enchant weapon
Potions
 k - a potion of mutation {unknown}
 l - a potion of curing {unknown}


   Skills:
 + Level 2.7 Fighting
 * Level 3.0 Long Blades
 - Level 1.0 Throwing
 + Level 1.5 Armour
 + Level 2.5 Dodging
 + Level 2.4 Spellcasting
 + Level 3.4 Translocations


You had 6 spell levels left.
You didn't know any spells.
Your spell library contained the following spells:

 Spells                   Type           Power      Damage    Failure   Level
 Blink                    Tloc           20%        N/A       12%         2
 Lesser Beckoning         Tloc           20%        N/A       22%         3
 Teleport Other           Tloc           10%        N/A       22%         3
 Vhi's Electric Charge    Tloc/Air       12%        N/A       41%         3
 Manifold Assault         Tloc           10%        N/A       58%         4


Dungeon Overview and Level Annotations

Branches:
Dungeon (2/15)

Altars:

Annotations:
D:2 Terence


Innate Abilities, Weirdness & Mutations

You are amphibious.
You cover ground slowly.
You can hop short distances.
You have an extended range of vision and can be seen from far away.


Message History

No target in view!
No target in view!
No target in view!
No target in view!
No target in view!
No target in view!
No target in view!
No target in view!
No target in view!
No target in view!
No target in view!
No target in view!
No target in view!
No target in view!
Found a stone staircase leading up.
k - a metallic yellow potion
Found a sling.
l - a fizzy purple potion A rat comes into view.
A rat is nearby!
A rat is nearby!
A rat is nearby!
A rat is nearby!
Terence the Incautious comes into view.
He is wielding the +7 Throatcutter {drain, coup de grace}.
Found a trident.
Terence bares his teeth.
Terence hits you with the +7 Throatcutter {drain, coup de grace}.
You feel drained.
You hit Terence.
Terence is moderately wounded.
Terence completely misses you.
You hit Terence but do no damage.
Terence is moderately wounded.
Terence hits you with the +7 Throatcutter {drain, coup de grace}!
Ouch! That really hurt!
* * * LOW HITPOINT WARNING * * *
You feel drained.
* * * LOW HITPOINT WARNING * * *
Terence hits you with the +7 Throatcutter {drain, coup de grace}!
You die...

###### ### .......
..# ######...)... ..#
##....@!...... ..#
#####....@# ..#
#.........#
..######............#
..................###
....##............#
#......#.........##
>.#..).........###
....#..#.....###
.##...##....##


You could see Terence.

Vanquished Creatures
  A dart slug (D:2)
  3 ball pythons (D:1)
  A bat (D:1)
  An endoplasm (D:2)
  A giant cockroach (D:1)
  A hobgoblin (D:1)
  2 kobolds
  A quokka (D:1)
  3 frilled lizards (D:1)
  5 goblins (D:1)
  2 rats
21 creatures vanquished.

Notes
Turn   | Place    | Note
-------+----------+-------------------------------------------
     0 | D:1      | purpskrrrp the Barachi Warper began the quest for the Orb.
     0 | D:1      | Reached XP level 1. HP: 17/17 MP: 3/3
   171 | D:1      | Identified a scroll of acquirement
   171 | D:1      | Acquired the +9 long sword of the Screaming Gods {drain,
                  | rElec rF+}
   183 | D:1      | Reached XP level 2. HP: 19/23 MP: 5/5
   661 | D:2      | Reached XP level 3. HP: 28/28 MP: 6/6
   726 | D:2      | Noticed Terence
   731 | D:2      | Slain by Terence

Illustrated notes

Levels and vault maps discovered:
D:1:      amcnicky_arrival_abandoned_market, layout_basic,
          minmay_shallow_snake_nest
D:2:      layout_rooms, uniq_terence

Skill      XL: |  1  2 |
---------------+-------+-----
Long Blades    | 3 |  3.0
Fighting       | |  2.7
Throwing       | |  1.0
Armour         | |  1.5
Dodging        | |  2.5
Spellcasting   | |  2.4
Translocations | |  3.4

Action                   || total
-------------------------++-------
Melee: Falchion          ||    21
       Long sword        ||    26
  Use: Scroll            ||     4
Armor: Leather armour    ||    12
Dodge: Dodged            ||    26

Table legend: (Time is in decaauts)
 A = Elapsed time spent in this place.
 B = Non-inter-level travel time spent in this place.
 C = Inter-level travel time spent in this place.
 D = Time resting spent in this place.
 E = Time spent auto-exploring this place.
 F = Levels seen in this place.
 G = Mean time per level.
                   A        B        C        D        E       F      G
               +--------+--------+--------+--------+--------+-----+--------+
         Total |    849 |    817 |     32 |      0 |    656 |   2 |  424.5 |
       Dungeon |    849 |    817 |     32 |      0 |    656 |   2 |  424.5 |
               +--------+--------+--------+--------+--------+-----+--------+

Top non-repeatable levels by time:
     D:1: 727 daAuts
     D:2: 121 daAuts
